Map: Oceanborn LE

Players

Lukareon - Winner!

  • Race: Zerg Zerg
  • League: Diamond
  • Spawn Location: 11:00

YoeYuri

  • Race: Terran Terran
  • League: Diamond
  • Spawn Location: 5:00

VOD

Have the link to the VOD?

Description

Time

  • Played on: Oct. 7, 2023, 4:56 a.m.
  • Length: 26:57
Show
View Real Time Build Order
Export as new Build Order

Lukareon Zerg - Winner!

Build Orders: Hatch First, Swarm Host 

Get SALT Encoding   

  12  0:01  Drone  
  13  0:13  Overlord  
  13  0:18  Drone  
  14  0:33  Drone x2  
  16  0:51  Hatchery  
  16  0:54  Drone  
  16  0:56  Drone  
  17  1:03  Drone  
  18  1:14  Spawning Pool  
  18  1:15  Extractor  
  16  1:19  Drone  
  17  1:30  Drone x2  
  19  1:41  Overlord  
  19  2:01  Zergling x2  
  19  2:02  Zergling x2, Queen x2  
  19  2:03  Zergling x2  
  26  2:15  Metabolic Boost  
  26  2:35  Drone x2  
  26  2:36  Drone x4  
  32  2:41  Queen  
  34  2:48  Overlord  
  34  2:56  Overlord  
  34  3:18  Drone x4  
  34  3:19  Drone x3  
  41  3:24  Hatchery  
  40  3:37  Extractor  
  40  3:39  Extractor  
  40  3:41  Queen  
  40  3:47  Drone x3  
  40  3:48  Drone x3  
  46  3:55  Lair  
  46  4:07  Baneling Nest  
  46  4:08  Drone  
  46  4:09  Drone x6  
  52  4:29  Evolution Chamber  
  51  4:32  Pneumatized Carapace  
  51  4:38  Drone  
  51  4:39  Drone x6  
  51  4:42  Overlord x3  
  58  4:52  Overlord  
  58  4:56  Spine Crawler  
  58  4:57  Overseer  
  58  4:59  Queen  
  57  5:01  Centrifugal Hooks  
  59  5:10  Drone x2  
  59  5:11  Drone x4  
  65  5:14  Zergling x4  
  65  5:16  Baneling x4  
  65  5:17  Baneling x2  
  67  5:27  Extractor, Spire  
  65  5:35  Queen  
  65  5:37  Drone  
  65  5:38  Drone x9  
  77  5:44  Overlord x2  
  77  5:48  Extractor  
  76  5:50  Extractor  
  76  5:51  Spore Crawler  
  76  5:52  Spore Crawler  
  73  5:58  Queen  
  73  6:00  Spore Crawler  
  74  6:05  Drone x6, Spore Crawler  
  74  6:06  Drone  
  80  6:17  Spore Crawler  
  79  6:20  Drone  
  79  6:21  Drone x6  
  79  6:24  Queen  
  88  6:26  Spore Crawler  
  87  6:34  Overlord x3  
  86  6:54  Corruptor x6  
  88  7:13  Drone x3  
  88  7:14  Drone x11  
  102  7:28  Drone  
  102  7:29  Drone x6  
  107  7:44  Extractor  
  106  7:51  Spore Crawler  
  105  7:52  Mutalisk x6, Spore Crawler  
  105  7:53  Mutalisk  
  118  7:59  Queen  
  118  8:01  Hatchery  
  119  8:12  Spore Crawler  
  118  8:14  Overlord  
  118  8:15  Overlord x4  
  118  8:18  Mutalisk x4  
  118  8:19  Mutalisk  
  128  8:27  Queen  
  128  8:28  Overlord  
  128  8:32  Queen  
  132  8:35  Extractor  
  132  8:36  Extractor  
  130  8:42  Mutalisk x7  
  144  9:01  Zergling x2  
  144  9:02  Zergling x14  
  140  9:17  Infestation Pit  
  139  9:27  Drone  
  139  9:28  Drone x12  
  152  9:35  Overlord x3  
  152  9:40  Spine Crawler  
  152  9:41  Spine Crawler  
  150  9:45  Spine Crawler  
  150  9:46  Spine Crawler x2  
  150  9:47  Spine Crawler x2  
  150  9:48  Spine Crawler x2  
  143  9:53  Swarm Host x9  
  158  10:20  Zergling x2, Swarm Host  
  158  10:22  Swarm Host x6  
  158  10:23  Swarm Host x4  
  188  10:41  Nydus Network  
  187  10:43  Hatchery  
  187  10:46  Nydus Network, Hive  
  185  11:17  Spore Crawler x2, Spine Crawler  
  182  11:19  Nydus Canal  
  182  11:24  Swarm Host, Hatchery  
  182  11:25  Swarm Host x5  
  190  11:26  Extractor x2  
  197  11:52  Nydus Canal  
  191  12:11  Swarm Host x2  
  189  12:39  Swarm Host x3  
  194  13:04  Hatchery  
  185  13:15  Drone x15  
  185  13:16  Drone  
  185  13:19  Nydus Canal  
  196  13:29  Nydus Network  
  189  13:37  Baneling x10  
  184  13:51  Queen x3  
  190  14:07  Nydus Canal  
  179  14:40  Spine Crawler x2  
  179  14:41  Spine Crawler x2  
  179  14:43  Zergling x2  
  179  14:44  Zergling x12  
  182  14:48  Spine Crawler  
  182  14:49  Nydus Canal  
  182  14:51  Spine Crawler  
  171  14:57  Spine Crawler  
  171  14:58  Spine Crawler  
  161  15:00  Spine Crawler  
  161  15:03  Zergling x8  
  154  15:08  Queen  
  154  15:09  Swarm Host x2  
  148  15:36  Swarm Host x6  
  148  15:37  Swarm Host  
  166  15:55  Swarm Host  
  166  15:56  Swarm Host x4  
  169  16:17  Spine Crawler x3  
  163  16:21  Spine Crawler  
  163  16:23  Zergling x10  
  163  16:24  Zergling x12  
  166  16:33  Zergling x2  
  166  16:38  Swarm Host x2  
  172  16:43  Zergling x2  
  172  16:56  Swarm Host  
  172  16:57  Extractor  
  172  16:58  Swarm Host x4, Hatchery  
  176  17:02  Queen x2  
  176  17:03  Queen  
  168  17:18  Swarm Host x5  
  168  17:19  Swarm Host  
  174  17:28  Drone  
  174  17:29  Drone x2  
  161  17:47  Swarm Host x4  
  173  17:57  Swarm Host x3  
  182  18:13  Evolution Chamber  
  182  18:17  Swarm Host x2  
  182  18:18  Swarm Host x4, Evolution Chamber  
  198  18:22  Queen  
  198  18:27  Zergling x2  
  200  18:39  Nydus Canal  
  197  18:48  Zergling x6  
  200  18:59  Nydus Canal  
  198  19:11  Hatchery  
  190  19:20  Zergling x2, Queen x2  
  190  19:21  Zergling x6  
  196  19:31  Nydus Canal  
  196  19:49  Swarm Host  
  196  19:50  Nydus Canal  
  199  20:28  Nydus Canal  
  193  20:51  Corruptor x5  
  199  21:02  Nydus Canal  
  199  21:10  Corruptor  
  198  21:23  Spore Crawler  
  198  21:25  Spore Crawler  
  196  21:42  Nydus Canal  
  196  21:46  Spine Crawler  
  195  21:48  Spore Crawler x2  
  195  21:49  Corruptor x3  
  196  21:59  Nydus Canal  
  175  22:25  Queen  
  164  22:38  Swarm Host  
  167  22:52  Zerg Missile Weapons Level 1, Zerg Ground Armor Level 1  
  167  23:02  Corruptor x3  
  167  23:03  Corruptor x4  
  167  23:04  Drone  
  167  23:05  Drone x4  
  177  23:21  Queen x3  
  177  23:22  Queen  
  177  23:26  Drone x3  
  186  23:30  Spore Crawler  
  186  23:32  Spore Crawler, Nydus Canal  
  186  23:33  Extractor x2  
  181  23:56  Nydus Canal  
  181  24:00  Queen  
  183  24:04  Corruptor  
  183  24:05  Corruptor x3  
  191  24:11  Nydus Canal  
  191  24:26  Corruptor  
  191  24:27  Corruptor x6  
  196  24:33  Nydus Canal  
  178  24:56  Swarm Host x6  
  178  24:57  Swarm Host  
  199  25:07  Nydus Canal  
  192  26:02  Nydus Canal  
  192  26:07  Drone x8  
  200  26:17  Nydus Canal  
  200  26:24  Spore Crawler  
  196  26:32  Spore Crawler  
  196  26:35  Spore Crawler x2  
  190  26:47  Nydus Canal  
Show
View Real Time Build Order
Export as new Build Order

YoeYuri Terran 

Build Orders: Reaper Expand, Mech 

Get SALT Encoding   

  12  0:00  SCV  
  13  0:13  SCV  
  14  0:18  Supply Depot  
  14  0:25  SCV  
  15  0:39  SCV  
  15  0:40  Barracks  
  16  0:47  Refinery  
  16  0:52  SCV  
  17  1:04  SCV  
  18  1:16  SCV  
  19  1:28  Orbital Command  
  19  1:29  Reaper  
  20  1:41  Command Center  
  20  1:50  Supply Depot  
  20  1:55  SCV  
  21  2:05  Marine  
  21  2:07  SCV  
  23  2:12  Factory  
  23  2:19  SCV, Refinery  
  24  2:24  Barracks Reactor  
  24  2:31  SCV  
  25  2:43  SCV  
  26  2:51  Command Center  
  26  2:55  SCV  
  27  3:00  Orbital Command  
  27  3:08  Factory Tech Lab, SCV  
  27  3:10  Marine  
  29  3:20  Bunker  
  29  3:22  Marine  
  30  3:27  SCV  
  30  3:28  Marine  
  30  3:29  SCV  
  33  3:34  Starport  
  33  3:39  SCV  
  34  3:41  SCV  
  34  3:46  Starport  
  34  3:51  SCV  
  34  3:53  SCV  
  36  3:56  Refinery  
  36  3:59  Refinery  
  36  4:04  SCV  
  36  4:05  SCV  
  38  4:11  Supply Depot  
  38  4:13  Supply Depot  
  38  4:18  SCV x2  
  38  4:19  Engineering Bay  
  38  4:20  Orbital Command  
  40  4:30  SCV  
  41  4:37  Fusion Core  
  41  4:41  SCV  
  41  4:42  SCV  
  41  4:44  Starport Tech Lab x2  
  43  4:47  SCV  
  43  4:52  Siege Tank  
  47  4:53  SCV  
  47  4:55  SCV  
  50  5:00  SCV  
  50  5:03  Supply Depot  
  50  5:05  SCV, Supply Depot  
  50  5:07  SCV  
  52  5:12  SCV  
  53  5:15  Marine  
  53  5:18  SCV  
  53  5:20  SCV  
  56  5:25  Battlecruiser  
  56  5:28  Battlecruiser  
  68  5:30  SCV  
  68  5:31  SCV  
  70  5:39  Missile Turret x2  
  70  5:42  Weapon Refit, Missile Turret  
  70  5:45  Missile Turret  
  70  5:46  Missile Turret  
  70  5:50  SCV  
  70  5:51  Missile Turret  
  70  5:52  SCV  
  72  5:57  Supply Depot  
  72  6:08  Factory x2  
  72  6:09  Factory  
  72  6:10  SCV x2  
  72  6:11  SCV  
  75  6:22  SCV x2  
  75  6:23  SCV  
  78  6:28  Armory  
  78  6:33  Factory  
  78  6:37  SCV x2  
  78  6:38  Factory, SCV  
  81  6:42  Supply Depot x2  
  81  6:49  SCV  
  81  6:52  Factory Tech Lab  
  81  6:53  Factory Tech Lab  
  82  6:56  Hellion x2  
  86  7:10  Siege Tank  
  89  7:17  Orbital Command  
  89  7:21  Thor x2  
  89  7:22  Hellion  
  99  7:23  Hellion  
  93  7:47  Refinery  
  93  7:49  Missile Turret  
  93  7:50  Missile Turret, Refinery  
  93  7:52  Sensor Tower  
  93  7:54  Missile Turret  
  93  7:55  Factory Reactor  
  93  7:56  Factory Tech Lab  
  93  7:57  Hellion  
  93  7:58  Thor, Hellion  
  103  8:11  Terran Vehicle Weapons Level 1  
  103  8:13  SCV x3  
  103  8:15  Command Center  
  106  8:25  Hellion, SCV x3  
  106  8:26  Hellion  
  113  8:33  Thor x2, Supply Depot  
  113  8:35  Supply Depot  
  113  8:37  SCV x3  
  113  8:38  Supply Depot x2  
  116  8:42  Siege Tank, Thor  
  116  8:47  Supply Depot  
  125  8:55  Siege Tank, SCV x3  
  131  8:56  Infernal Pre-Igniter  
  131  8:58  Smart Servos  
  131  8:59  Armory  
  131  9:04  Supply Depot  
  131  9:05  Supply Depot  
  131  9:07  SCV x3  
  131  9:08  Supply Depot  
  134  9:18  Hellion  
  134  9:19  Thor, Hellion x2  
  146  9:29  Thor  
  152  9:32  Hellion  
  154  9:52  Refinery  
  154  9:56  Refinery  
  154  9:57  Missile Turret x2  
  154  9:58  Terran Vehicle And Ship Armor Level 1, Missile Turret  
  154  9:59  Sensor Tower x2  
  154  10:00  Missile Turret  
  152  10:15  Thor x2  
  152  10:18  Hellion x4  
  152  10:19  Hellion  
  152  10:21  Planetary Fortress  
  174  10:29  Terran Vehicle Weapons Level 2  
  174  10:31  Hellion  
  176  10:39  Hellion  
  178  10:52  Factory x2  
  178  10:58  Factory  
  178  10:59  Factory, SCV  
  178  11:00  SCV  
  178  11:01  Factory, SCV x2  
  182  11:11  SCV  
  182  11:13  Thor  
  182  11:16  Thor  
  182  11:18  Hellion  
  197  11:22  Siege Tank  
  200  11:38  Missile Turret  
  200  11:40  Missile Turret  
  200  11:48  Orbital Command  
  200  11:53  Hellion x2  
  177  12:10  Refinery x2  
  172  12:19  Terran Vehicle And Ship Armor Level 2  
  170  12:30  Missile Turret x2  
  153  12:42  Thor x3  
  153  12:43  Factory Tech Lab  
  155  12:44  Factory Tech Lab x2, Factory Reactor  
  149  13:00  Factory Tech Lab  
  139  13:14  Thor x3  
  139  13:16  Hellion x5  
  167  13:25  Hellion x2  
  167  13:26  Hellion  
  165  13:37  Hellion  
  165  13:38  Missile Turret  
  165  13:39  Missile Turret x2  
  165  13:40  Thor x2, Hellion x2  
  179  13:46  Thor x2  
  191  13:49  Siege Tank  
  191  13:50  Hellion x3  
  193  14:06  Siege Tank x2  
  193  14:07  SCV  
  198  14:21  Thor  
  166  14:31  Thor x2, Hellion  
  166  14:32  Thor, Hellion  
  162  15:12  Refinery  
  154  15:16  Thor x2  
  154  15:17  Hellion  
  154  15:18  Hellion x6, Refinery  
  154  15:19  Hellion x2  
  173  15:33  Command Center  
  173  15:41  Hellion x6  
  185  15:56  Thor x2, Hellion x3  
  159  16:19  Command Center  
  159  16:20  Refinery  
  159  16:29  Thor x4, Hellion x3  
  159  16:30  Thor  
  159  16:31  Siege Tank  
  190  16:39  Siege Tank x2  
  166  17:03  Thor  
  166  17:11  Thor x2  
  166  17:23  Thor x2, Hellion x2  
  158  17:33  Thor  
  158  17:42  Orbital Command  
  155  17:47  Orbital Command  
  155  17:58  Refinery  
  146  18:02  Thor x2  
  146  18:03  Thor  
  142  18:16  SCV x4  
  146  18:26  Thor x2  
  146  18:35  Thor x2  
  134  18:58  Thor x2  
  146  19:04  Hellion x2  
  146  19:05  Hellion x3  
  147  19:25  Thor x3  
  147  19:26  Hellion x2  
  147  19:27  Hellion x2  
  147  19:30  Battlecruiser  
  157  19:44  Thor x2  
  162  19:57  Battlecruiser  
  152  20:06  Hellion x4  
  152  20:07  Hellion  
  146  20:08  Hellion x2  
  140  20:35  Battlecruiser  
  144  20:47  Refinery  
  144  20:48  Command Center  
  144  20:53  Refinery  
  144  21:01  Battlecruiser  
  140  21:37  Factory  
  140  21:38  Thor x2  
  152  21:41  Factory  
  145  21:55  Battlecruiser  
  143  22:09  Orbital Command  
  137  22:25  Battlecruiser  
  143  22:31  Refinery  
  125  22:43  Hellion x3  
  95  23:04  Battlecruiser, Refinery  
  83  23:37  Thor  
  83  23:38  Battlecruiser  
  83  23:40  Siege Tank  
  73  24:08  Battlecruiser  
  67  24:42  Battlecruiser  
Tags
 
Add a new tag
Caveats
  • Supply blocks, unpowered buildings, or Contaminate may cause inaccurate times.
  • Supply counts are checked every 10 seconds.